General information
- name: BNet
- type: Ladder team game (AT/RT)
- host: Battle.net
- saver: KodoJerky
map: FullScaleAssault
- players: 8
- length: 23:37
- speed: Fast
- version: 1.28 W3XP
- replay type: Public
» download(146 KB)
Players
team 1 (loser)
SANTACRUZ (
teal | 96 APM | 1977 actions | 20:36)
6 Death Knight
3 Death Coil
2 Unholy Aura
1 Animate Dead
3 Lich
2 Frost Nova
1 Frost Armor
» actions
| Assign group hotkey | 19 | |
| Build / train | 90 | |
| Enter build submenu | 21 | |
| Enter hero's abilities submenu | 9 | |
| Give item / drop item | 1 | |
| Remove unit from queue | 1 | |
| Right click | 869 | |
| Select / deselect | 148 | |
| Select group hotkey | 742 | |
| Use ability | 77 | |
1977 total
» units
| Acolyte | 17 | |
| Ghoul | 3 | |
| Crypt Fiend | 8 | |
| Goblin Shredder | 2 | |
| Frost Wyrm | 3 | |
33 total
» upgrades
| Creature Attack | 3 | |
| Creature Carapace | 4 | |
| Web | 1 | |
| Burrow | 1 | |
| Freezing Breath | 1 | |
10 total
» buildings
| Graveyard | 1 | |
| Crypt | 1 | |
| Ziggurat | 9 | |
| Altar of Darkness | 1 | |
| Tomb of Relics | 1 | |
| Nerubian Tower | 4 | |
| Necropolis | 1 | |
| Halls of the Dead | 3 | |
| Black Citadel | 3 | |
| Sacrificial Pit | 1 | |
| Boneyard | 4 | |
| Spirit Tower | 9 | |
38 total
» build order
00:11 Graveyard
00:19 Crypt
00:42 Ziggurat
01:00 Altar of Darkness
01:28 Tomb of Relics
01:43 Ziggurat
02:35 Nerubian Tower
02:35 Nerubian Tower
02:35 Nerubian Tower
04:27 Ziggurat
05:17 Necropolis
05:19 Halls of the Dead
05:19 Halls of the Dead
05:19 Halls of the Dead
06:05 Ziggurat
06:07 Ziggurat
07:45 Black Citadel
07:45 Black Citadel
08:38 Sacrificial Pit
10:11 Boneyard
10:11 Boneyard
10:39 Spirit Tower
10:43 Boneyard
11:20 Boneyard
11:53 Ziggurat
15:37 Ziggurat
16:13 Spirit Tower
16:13 Spirit Tower
16:15 Spirit Tower
16:15 Spirit Tower
16:16 Ziggurat
16:19 Ziggurat
16:54 Spirit Tower
16:54 Spirit Tower
17:22 Spirit Tower
» items
| Rod of Necromancy | 2 | |
| Healing Salve | 1 | |
| Lesser Clarity Potion | 1 | |
| Scroll of Town Portal | 1 | |
| Potion of Healing | 1 | |
| Potion of Mana | 1 | |
| Orb of Corruption | 1 | |
8 total
SUIKODEN-5-BOY (
yellow | 65 APM | 1543 actions | 23:35)
4 Blademaster
2 Wind Walk
2 Critical Strike
1 Tauren Chieftain
1 Endurance Aura
1 Pandaren Brewmaster
1 Breath of Fire
» actions
| Assign group hotkey | 25 | |
| Basic commands | 27 | |
| Build / train | 59 | |
| Enter build submenu | 31 | |
| Enter hero's abilities submenu | 6 | |
| Give item / drop item | 3 | |
| Remove unit from queue | 1 | |
| Right click | 624 | |
| Select / deselect | 236 | |
| Select group hotkey | 440 | |
| Use ability | 91 | |
1543 total
» units
| Peon | 19 | |
| Grunt | 4 | |
| Goblin Shredder | 3 | |
| Goblin Zeppelin | 1 | |
| Wind Rider | 2 | |
| Blue Dragon | 1 | |
| Blue Drake | 1 | |
| Goblin Sapper | 1 | |
| Raider | 1 | |
33 total
» upgrades
| Reinforced Defenses | 1 | |
| Ranged Weapons | 2 | |
| Armor | 2 | |
5 total
» buildings
| Altar of Storms | 1 | |
| Orc Burrow | 7 | |
| Barracks | 1 | |
| Voodoo Lounge | 1 | |
| Great Hall | 3 | |
| Stronghold | 3 | |
| War Mill | 1 | |
| Fortress | 2 | |
| Watch Tower | 32 | |
| Beastiary | 4 | |
55 total
» build order
00:07 Altar of Storms
00:18 Orc Burrow
00:37 Barracks
01:23 Orc Burrow
01:56 Voodoo Lounge
03:20 Orc Burrow
03:38 Great Hall
04:24 Stronghold
04:24 Stronghold
04:24 Stronghold
05:21 War Mill
06:27 Orc Burrow
06:48 Fortress
07:16 Orc Burrow
07:48 Watch Tower
07:49 Watch Tower
07:50 Watch Tower
07:51 Watch Tower
08:05 Watch Tower
09:00 Great Hall
09:02 Watch Tower
09:03 Watch Tower
09:04 Watch Tower
09:05 Watch Tower
10:18 Great Hall
10:21 Watch Tower
10:21 Watch Tower
10:22 Watch Tower
10:22 Watch Tower
10:42 Watch Tower
10:42 Watch Tower
10:44 Watch Tower
10:46 Watch Tower
10:55 Beastiary
11:26 Beastiary
11:44 Watch Tower
11:45 Watch Tower
11:47 Watch Tower
11:52 Watch Tower
12:13 Beastiary
12:44 Watch Tower
12:47 Watch Tower
12:53 Watch Tower
12:54 Watch Tower
12:55 Watch Tower
14:35 Watch Tower
14:36 Watch Tower
14:37 Watch Tower
14:39 Watch Tower
14:45 Orc Burrow
15:04 Watch Tower
16:57 Beastiary
17:20 Watch Tower
18:11 Orc Burrow
» items
| Healing Salve | 2 | |
| Orb of Lightning | 1 | |
| Scroll of Town Portal | 2 | |
| Staff of Teleportation | 1 | |
6 total

»
Golden-Freeza (
orange | 52 APM | 1145 actions | 22:08)
4 Tauren Chieftain
2 War Stomp
2 Endurance Aura
2 Pandaren Brewmaster
1 Breath of Fire
1 Drunken Haze
» actions
| Assign group hotkey | 48 | |
| Basic commands | 104 | |
| Build / train | 67 | |
| Enter build submenu | 31 | |
| Enter hero's abilities submenu | 6 | |
| Give item / drop item | 1 | |
| Remove unit from queue | 3 | |
| Right click | 250 | |
| Select / deselect | 331 | |
| Select group hotkey | 232 | |
| Use ability | 72 | |
1145 total
» units
| Peon | 17 | |
| Troll Headhunter/Berserker | 11 | |
| Demolisher | 3 | |
| Troll Witch Doctor | 3 | |
34 total
» upgrades
| Ranged Weapons | 1 | |
| Armor | 1 | |
| Berserker Upgrade | 1 | |
| Reinforced Defenses | 1 | |
| Witch Doctor Training | 2 | |
| Burning Oil | 1 | |
| Berserker Strength | 1 | |
8 total
» buildings
| Altar of Storms | 1 | |
| Orc Burrow | 6 | |
| War Mill | 1 | |
| Barracks | 2 | |
| Stronghold | 1 | |
| Great Hall | 3 | |
| Watch Tower | 11 | |
| Fortress | 1 | |
| Voodoo Lounge | 1 | |
| Spirit Lodge | 1 | |
28 total
» build order
00:21 Altar of Storms
00:24 Orc Burrow
01:24 War Mill
01:32 Barracks
02:00 Barracks
02:23 Orc Burrow
04:07 Orc Burrow
04:51 Stronghold
06:26 Great Hall
06:41 Watch Tower
07:15 Fortress
07:28 Watch Tower
07:30 Watch Tower
08:07 Voodoo Lounge
10:27 Spirit Lodge
10:31 Orc Burrow
12:56 Great Hall
12:57 Watch Tower
13:05 Orc Burrow
14:01 Watch Tower
14:01 Watch Tower
14:06 Watch Tower
14:40 Watch Tower
15:29 Watch Tower
17:28 Great Hall
17:54 Watch Tower
19:24 Watch Tower
19:53 Orc Burrow
» items
| Healing Salve | 1 | |
| Scroll of Town Portal | 6 | |
| Orb of Lightning | 1 | |
| Lesser Clarity Potion | 1 | |
| Circlet of Nobility | 1 | |
10 total

»
JoeMama (
pink | 50 APM | 1124 actions | 22:22)
6 Blademaster
3 Wind Walk
2 Critical Strike
1 Bladestorm
» actions
| Assign group hotkey | 21 | |
| Build / train | 71 | |
| Enter build submenu | 25 | |
| Enter hero's abilities submenu | 5 | |
| Give item / drop item | 3 | |
| Right click | 610 | |
| Select / deselect | 277 | |
| Select group hotkey | 57 | |
| Use ability | 55 | |
1124 total
» units
| Peon | 12 | |
| Grunt | 7 | |
| Raider | 14 | |
| Shaman | 17 | |
| Troll Witch Doctor | 4 | |
| Frost Wyrm | 1 | |
55 total
» upgrades
| Shaman Training | 2 | |
| Ensnare | 1 | |
| Witch Doctor Training | 2 | |
5 total
» buildings
| Altar of Storms | 1 | |
| Orc Burrow | 8 | |
| Barracks | 1 | |
| War Mill | 1 | |
| Voodoo Lounge | 1 | |
| Stronghold | 1 | |
| Great Hall | 1 | |
| Spirit Lodge | 2 | |
| Fortress | 1 | |
| Beastiary | 1 | |
| Watch Tower | 5 | |
23 total
» build order
00:17 Altar of Storms
00:25 Orc Burrow
00:58 Barracks
01:22 War Mill
01:43 Orc Burrow
02:41 Voodoo Lounge
03:44 Orc Burrow
03:48 Stronghold
04:59 Orc Burrow
06:19 Great Hall
06:35 Spirit Lodge
06:53 Spirit Lodge
07:10 Fortress
07:33 Beastiary
09:05 Orc Burrow
09:10 Watch Tower
11:00 Watch Tower
12:09 Watch Tower
13:17 Watch Tower
15:06 Watch Tower
16:16 Orc Burrow
17:11 Orc Burrow
18:13 Orc Burrow
» items
| Orb of Lightning | 1 | |
| Scroll of Town Portal | 1 | |
2 total
team 2 (winner)

»
Search (
purple | 42 APM | 101 actions | 02:25)
» actions
| Build / train | 11 | |
| Enter build submenu | 6 | |
| Right click | 46 | |
| Select / deselect | 33 | |
| Use ability | 5 | |
101 total
» units
» buildings
| Altar of Kings | 1 | |
| Farm | 3 | |
| Barracks | 1 | |
5 total
» build order
00:19 Altar of Kings
00:22 Farm
00:34 Barracks
00:36 Farm
02:00 Farm

»
lemoncheddar (
red | 32 APM | 466 actions | 14:43)
3 Archmage
2 Summon Water Elemental
1 Brilliance Aura
1 Paladin
1 Holy Light
» actions
| Assign group hotkey | 14 | |
| Build / train | 67 | |
| Enter build submenu | 23 | |
| Enter hero's abilities submenu | 4 | |
| Right click | 77 | |
| Select / deselect | 155 | |
| Select group hotkey | 79 | |
| Use ability | 47 | |
466 total
» units
| Peasant | 21 | |
| Footman | 13 | |
| Spell Breaker | 4 | |
| Gryphon Rider | 4 | |
| Sorceress | 2 | |
44 total
» upgrades
| Defend | 1 | |
| Masonry | 1 | |
| Swords | 2 | |
| Armor | 1 | |
| Lumber Harvesting | 1 | |
6 total
» buildings
| Altar of Kings | 1 | |
| Farm | 10 | |
| Barracks | 1 | |
| Scout Tower | 8 | |
| Arcane Tower | 2 | |
| Town Hall | 1 | |
| Lumber Mill | 1 | |
| Guard Tower | 5 | |
| Keep | 1 | |
| Blacksmith | 1 | |
| Arcane Vault | 1 | |
| Castle | 1 | |
| Arcane Sanctum | 1 | |
| Gryphon Aviary | 2 | |
36 total
» build order
00:07 Altar of Kings
00:11 Farm
00:18 Barracks
01:01 Farm
01:42 Farm
02:04 Scout Tower
02:34 Arcane Tower
04:09 Farm
04:17 Scout Tower
04:18 Scout Tower
04:19 Scout Tower
04:20 Scout Tower
04:47 Town Hall
05:02 Lumber Mill
05:44 Guard Tower
06:17 Keep
06:29 Guard Tower
06:37 Guard Tower
06:45 Blacksmith
06:52 Arcane Vault
07:00 Farm
07:00 Farm
07:07 Guard Tower
07:33 Scout Tower
07:35 Scout Tower
07:35 Scout Tower
08:09 Arcane Tower
09:07 Castle
09:18 Arcane Sanctum
09:33 Guard Tower
10:10 Gryphon Aviary
11:08 Farm
11:09 Farm
11:10 Farm
11:11 Farm
11:42 Gryphon Aviary
» items
| Scroll of Town Portal | 1 | |
| Scroll of Regeneration | 1 | |
2 total
KodoJerky (
blue | 70 APM | 1645 actions | 23:37)
8 Blademaster
3 Wind Walk
3 Critical Strike
1 Bladestorm
1 Mirror Image
» actions
| Assign group hotkey | 57 | |
| Basic commands | 29 | |
| Build / train | 59 | |
| Enter build submenu | 43 | |
| Enter hero's abilities submenu | 8 | |
| Give item / drop item | 6 | |
| Remove unit from queue | 2 | |
| Right click | 758 | |
| Select / deselect | 308 | |
| Select group hotkey | 245 | |
| Use ability | 130 | |
1645 total
» units
| Peon | 8 | |
| Grunt | 4 | |
| Goblin Shredder | 2 | |
| Goblin Zeppelin | 1 | |
| Troll Batrider | 7 | |
| Goblin Sapper | 3 | |
25 total
» upgrades
| Ranged Weapons | 3 | |
| Armor | 3 | |
| Reinforced Defenses | 1 | |
| Liquid Fire | 1 | |
| Troll Regeneration | 1 | |
9 total
» buildings
| Orc Burrow | 4 | |
| Altar of Storms | 1 | |
| Barracks | 1 | |
| Voodoo Lounge | 1 | |
| Stronghold | 1 | |
| War Mill | 2 | |
| Great Hall | 1 | |
| Watch Tower | 26 | |
| Fortress | 1 | |
| Beastiary | 4 | |
| Arcane Vault | 1 | |
43 total
» build order
00:12 Orc Burrow
00:57 Altar of Storms
00:58 Barracks
01:05 Orc Burrow
01:56 Voodoo Lounge
02:52 Stronghold
03:53 Orc Burrow
04:32 War Mill
05:39 Great Hall
05:45 Watch Tower
05:45 Watch Tower
05:46 Watch Tower
06:09 Watch Tower
06:34 Orc Burrow
07:31 Fortress
07:35 Watch Tower
07:35 Watch Tower
07:35 Watch Tower
07:39 Watch Tower
08:42 Beastiary
08:42 Beastiary
08:43 Beastiary
08:47 Beastiary
10:09 Watch Tower
10:10 Watch Tower
10:10 Watch Tower
10:41 Watch Tower
10:42 Watch Tower
10:43 Watch Tower
10:43 Watch Tower
10:44 Watch Tower
11:24 Arcane Vault
13:37 Watch Tower
13:38 Watch Tower
13:38 Watch Tower
13:39 Watch Tower
13:48 War Mill
17:45 Watch Tower
17:46 Watch Tower
17:46 Watch Tower
21:14 Watch Tower
21:15 Watch Tower
21:16 Watch Tower
» items
| Healing Salve | 2 | |
| Staff of Teleportation | 1 | |
| Mechanical Critter | 2 | |
| Potion of Healing | 1 | |
| Potion of Mana | 2 | |
| Scroll of Town Portal | 1 | |
| Lesser Clarity Potion | 1 | |
| Orb of Lightning | 1 | |
11 total
DYBALA (
green | 45 APM | 1057 actions | 23:36)
6 Blademaster
3 Wind Walk
2 Critical Strike
1 Bladestorm
4 Archmage
3 Summon Water Elemental
1 Blizzard
» actions
| Assign group hotkey | 25 | |
| Build / train | 79 | |
| Enter build submenu | 26 | |
| Enter hero's abilities submenu | 10 | |
| Remove unit from queue | 2 | |
| Right click | 288 | |
| Select / deselect | 225 | |
| Select group hotkey | 350 | |
| Use ability | 51 | |
1057 total
» units
| Peon | 8 | |
| Grunt | 6 | |
| Footman | 3 | |
| Rifleman | 5 | |
| Peasant | 1 | |
| Mortar Team | 2 | |
| Wind Rider | 8 | |
| Priest | 6 | |
| Knight | 7 | |
46 total
» upgrades
| Armor | 2 | |
| Melee Weapons | 1 | |
| Gunpowder | 2 | |
| Priest Training | 2 | |
| Ranged Weapons | 1 | |
| Swords | 2 | |
| Plating | 2 | |
| Animal War Training | 1 | |
13 total
» buildings
| Orc Burrow | 6 | |
| Altar of Storms | 1 | |
| Barracks | 2 | |
| War Mill | 1 | |
| Farm | 8 | |
| Keep | 1 | |
| Blacksmith | 1 | |
| Stronghold | 1 | |
| Lumber Mill | 1 | |
| Workshop | 1 | |
| Arcane Sanctum | 1 | |
| Beastiary | 2 | |
| Castle | 1 | |
| Watch Tower | 2 | |
29 total
» build order
00:21 Orc Burrow
00:39 Altar of Storms
00:52 Barracks
01:24 War Mill
02:00 Orc Burrow
02:58 Orc Burrow
03:03 Farm
03:10 Keep
03:19 Blacksmith
04:07 Stronghold
04:22 Farm
04:48 Orc Burrow
05:01 Farm
05:11 Lumber Mill
05:49 Workshop
06:02 Orc Burrow
06:18 Arcane Sanctum
06:55 Farm
07:40 Beastiary
07:43 Beastiary
10:32 Castle
11:05 Orc Burrow
11:48 Barracks
12:00 Farm
13:06 Farm
13:13 Farm
13:30 Watch Tower
13:34 Watch Tower
16:06 Farm
» items
Chat log
(00:08 / Allies) DYBALA: what up search
(00:12 / Allies) Search: hey man
(00:25 / Allies) lemoncheddar: let's win
(00:29 / Allies) KodoJerky: LET'S GO BOYS
(00:31 / Allies) Search: blue can i take the expo
(00:35 / Allies) DYBALA: yes
(00:37 / Allies) KodoJerky: I want plz
(00:40 / Allies) KodoJerky: I want inside plz
(00:42 / Allies) Search: sigh
(00:44 / Allies) Search: i hu tho
(00:49 / Allies) KodoJerky: you better tower
(01:18 / Allies) KodoJerky: plz I want plz
(01:24 / Allies) KodoJerky: plz I has
(01:27 / Allies) Search: no
(01:33 / Allies) KodoJerky: yes plz
(01:38 / Allies) Search: im not gonna be able to carry this team without an expo
(01:42 / Allies) Search: so if you're sour about it i'll leave
(01:50 / Allies) DYBALA: mans said carry
(02:04 / Allies) DYBALA: ill carry you b
(02:05 / Allies) KodoJerky: he's gonan carry but can't take outside expo
(02:13 / Allies) Search: sigh
(02:18 / Allies) Search: i'm too tired for you guys
(02:22 / Allies) Search: enjoy your expo blue :)
(02:24 / Allies) KodoJerky: thx!
(02:26 / Allies) KodoJerky: bye bye
(02:28 / All) JoeMama: nerd
(02:30 / Allies) KodoJerky: I not take
(02:35 / Allies) DYBALA: jesus fuck
(02:49 / Allies) lemoncheddar: someone take?
(02:53 / All) JoeMama: yall go a afk nigga?
(02:56 / All) KodoJerky: no
(03:01 / All) JoeMama: sure....
(03:01 / All) KodoJerky: he's mad because I wanted expo not him
(03:20 / All) JoeMama: nerd rage quit?
(03:21 / Allies) DYBALA: got him
(03:24 / All) KodoJerky: yes
(03:32 / All) JoeMama: Damn
(03:55 / All) SUIKODEN-5-BOY: god dammit
(09:18 / All) KodoJerky: shit items
(09:56 / Allies) KodoJerky: b?
(10:51 / All) JoeMama: nerd
(11:05 / All) KodoJerky: teal mhs
(11:13 / All) SANTACRUZ: watch replay
(11:16 / All) KodoJerky: teal mhs
(11:25 / All) JoeMama: dont be that guy
(11:30 / All) KodoJerky: teal mhs
(16:36 / All) DYBALA: gg
(17:57 / Allies) KodoJerky: upgrade your buildings
(17:59 / Allies) DYBALA: blue?
(20:12 / All) KodoJerky: owned boy
(20:15 / All) SUIKODEN-5-BOY: SANTA CRUZ BABY
(20:16 / Allies) DYBALA: hit
(20:42 / All) SUIKODEN-5-BOY: wtf
(20:43 / All) SUIKODEN-5-BOY: teal?
(20:45 / All) DYBALA: lol
(20:49 / All) KodoJerky: hacker down!
(22:39 / All) SUIKODEN-5-BOY: give green the win?
(22:43 / All) DYBALA: gg
(22:50 / All) KodoJerky: what's his stats lawl
(22:57 / All) DYBALA: me?
(22:59 / All) DYBALA: lol
(22:59 / All) KodoJerky: 28-32
(23:02 / All) KodoJerky: up to you
(23:06 / All) DYBALA: hahaha
(23:10 / All) SUIKODEN-5-BOY: i say yes let green win
(23:14 / All) SUIKODEN-5-BOY: gonna watch GOT after this
(23:16 / All) KodoJerky: k
(23:17 / All) SUIKODEN-5-BOY: room is hot